 Dungeon Crawl Stone Soup version 0.23-a0-275-g0cf4261 (webtiles) character file.

670 Petrovich the Chopper (level 7, -9/56 HPs)
             Began as a Formicid Abyssal Knight on Oct 2, 2018.
             Was a Believer of Lugonu.
             Mangled by an ogre
             ... wielding a +0 giant club
              (20 damage)
             ... on level 5 of the Dungeon.
             The game lasted 00:10:26 (3757 turns).

Petrovich the Chopper (Formicid Abyssal Knight)     Turns: 3757, Time: 00:10:27

Health: -9/56      AC: 10    Str: 18    XL:     7   Next: 89%
Magic:  10/10      EV: 12    Int: 12    God:    Lugonu [**....]
Gold:   358        SH:  0    Dex: 12    Spells: 6/6 levels left

rFire    . . .     SeeInvis +   a - +1 hand axe
rCold    . . .     Gourm    .   (no shield)
rNeg     . . .     Faith    .   m - +0 scale mail
rPois    .         Spirit   .   (helmet unavailable)
rElec    .         Reflect  .   (no cloak)
rCorr    .         Harm     .   l - +2 pair of gloves
MR       .....                  (no boots)
Stlth    ..........             (no amulet)
HPRegen  0.18/turn              v - +2 ring of dexterity
MPRegen  0.12/turn              g - +3 ring of evasion

@: no status effects
A: permanent stasis, dig shafts and tunnels, four strong arms, antennae 3
a: Dig, Shaft Self, Depart the Abyss, Bend Space, Renounce Religion


You were on level 5 of the Dungeon.
You worshipped Lugonu.
Lugonu was pleased with you.
You were hungry.

You visited 1 branch of the dungeon, and saw 5 of its levels.
You visited the Abyss 1 time.

You collected 358 gold pieces.

Inventory:

Hand Weapons
 a - a +1 hand axe (weapon)
 z - a +4 mace of holy wrath
Missiles
 e - 12 tomahawks (quivered)
 n - 18 poisoned needles
Armour
 d - a +0 leather armour
 k - a +0 ring mail
 l - a +2 pair of gloves (worn)
 m - a +0 scale mail (worn)
 x - a +0 cloak
 D - a +0 pair of boots
Jewellery
 g - a +3 ring of evasion (right hand)
 p - an uncursed ring of fire
 v - a +2 ring of dexterity (left hand)
 B - an uncursed ring of protection from cold
Wands
 y - a wand of flame (9)
 C - a wand of iceblast (7)
Scrolls
 b - 4 scrolls of blinking
 h - 3 scrolls of amnesia
 j - a scroll of noise {!r}
 r - a scroll of enchant weapon {unknown}
 s - a scroll of fear {unknown}
 w - 2 scrolls of fog {unknown}
 R - 3 scrolls of remove curse
 T - 2 scrolls of teleportation
Potions
 f - 5 potions of heal wounds
 o - a potion of berserk rage {!q}
 q - a potion of flight {unknown}
 t - a potion of ambrosia {unknown}
 u - a potion of cancellation {unknown}
 I - a potion of brilliance
Comestibles
 c - 10 rations


   Skills:
 + Level 5.2 Fighting
 * Level 5.6 Axes
 + Level 4.5 Armour
 - Level 0.8 Dodging
 - Level 4.0 Invocations


You had 6 spell levels left.
You didn't know any spells.
Your spell library was empty.

Dungeon Overview and Level Annotations

Branches:
Dungeon (5/15)
 Temple: D:4-7

Altars:
Cheibriados
Hepliaklqana
Makhleb
Nemelex Xobeh
Uskayaw
Vehumet
Yredelemnul


Innate Abilities, Weirdness & Mutations

You cannot be hasted, slowed, berserked, paralysed or teleported.
You can dig through walls and to a lower floor.
Your four strong arms can wield two-handed weapons with a shield.
You have a pair of large antennae on your head. (SInv)


Message History

You hit the ogre.
The ogre is almost dead.
The ogre closely misses you.
You hit the ogre.
The ogre is almost dead.
You hit the ogre but do no damage.
The ogre is almost dead.
The ogre hits you with a giant club!
* * * LOW HITPOINT WARNING * * *
You completely miss the ogre.
The ogre is almost dead.
The ogre hits you with a giant club.
* * * LOW HITPOINT WARNING * * *
You hit the ogre but do no damage.
The ogre is almost dead.
The ogre completely misses you.
You hit the ogre.
The ogre is almost dead.
The ogre hits you with a giant club!!
You die...

#....# #....# .........
####....### .......
..........# #.....#
..........# +.....#
..........# .....
..........####.... ..#
...#รท###.......#O###..#
...#...+.......#@.#...#
...#...#.......#..#...#
.<.#.###.......#..##..#
.###+#####.....#..##..#
.#....#..+.....#..##..######
.#....'..#.....#............
.###.###.......##+##........
####.########......#...##...
#.....# #......#...##..


You could see an ogre.

Vanquished Creatures
  A sky beast (D:5)
  An ogre (D:4)
  A centaur (D:5)
  A scorpion (D:3)
  A howler monkey (D:4)
  A hound (D:4)
  A jelly (D:2)
  Crazy Yiuf (D:3)
  2 orc wizards (D:4)
  2 iguanas
  3 adders
  An ooze (D:2)
  2 worms (D:2)
  A dart slug (D:1)
  4 leopard geckos
  6 orcs
  3 bats
  3 giant cockroaches (D:1)
  4 goblins
  9 hobgoblins
  19 jackals
  6 ball pythons
  2 frilled lizards
  5 kobolds
  2 rats
  A spectral orc (D:3)
83 creatures vanquished.

Notes
Turn   | Place    | Note
-------+----------+-------------------------------------------
     0 | Abyss:1  | Petrovich the Formicid Abyssal Knight began the quest for
                  | the Orb.
     0 | Abyss:1  | Reached XP level 1. HP: 18/18 MP: 2/2
   173 | Abyss:4  | Noticed a starcursed mass
   174 | D:1      | Escaped the Abyss
   372 | D:1      | Reached XP level 2. HP: 13/24 MP: 3/3
   592 | D:1      | Reached XP level 3. HP: 26/29 MP: 4/4
   898 | D:1      | Reached * piety under Lugonu
  1052 | D:2      | Found a sparkling altar of Nemelex Xobeh.
  1376 | D:2      | Reached XP level 4. HP: 36/37 MP: 6/6
  1385 | D:2      | Found a burning altar of Makhleb.
  1570 | D:2      | Reached XP level 5. HP: 25/42 MP: 7/7
  1785 | D:3      | Reached ** piety under Lugonu
  1917 | D:3      | Found a basalt altar of Yredelemnul.
  1965 | D:3      | Found a snail-covered altar of Cheibriados.
  2115 | D:3      | Found a runed door.
  2119 | D:3      | Noticed Crazy Yiuf
  2140 | D:3      | Killed Crazy Yiuf
  2562 | D:3      | Reached XP level 6. HP: 22/48 MP: 8/8
  2990 | D:4      | Reached XP level 7. HP: 52/55 MP: 10/10
  3029 | D:4      | Found a hazy altar of Hepliaklqana.
  3030 | D:4      | Found a radiant altar of Vehumet.
  3035 | D:4      | Found a hide-covered altar of Uskayaw.
  3136 | D:4      | Reached skill level 5 in Axes
  3487 | D:5      | Entered Level 5 of the Dungeon
  3680 | D:5      | Reached skill level 5 in Fighting
  3757 | D:5      | Mangled by an ogre

Vault maps used:
D:1:      dpeg_arrival_tiny_a, kennysheep_crisscross
D:2:      nemelex_altar_shiori, marbit_many_paths
D:3:      yredelemnul_forgotten_temple_becter, old_standard_altar,
          uniq_crazy_yiuf_cottage
D:4:      nicolae_overflow_hidden_temple, st_stairs_5
D:5:      lemuel_round_altar, minmay_temple_entry_overgrown, first_ration
Abyss:3:  evilmike_abyss_rune_elephants_shrine, evilmike_abyss_exit_mutagenic
Abyss:4:  hangedman_abyss_or_decor_stabs, evilmike_abyss_exit_16,
          due_exit_kobolds, evilmike_nicolae_abyss_rune_betentacled_crabyss,
          hangedman_eye_storm

Skill      XL: |  1  2  3  4  5  6  7 |
---------------+----------------------+-----
Axes           | 3 4 5 |  5.6
Armour         | 3 4 |  4.5
Invocations    | 3 4 |  4.0
Fighting       | 4 5 |  5.2
Dodging        | |  0.8

Action                   |  1- 3 |  4- 6 |  7- 9 || total
-------------------------+-------+-------+-------++-------
Melee: Hand axe          |   129 |   197 |    87 ||   413
Throw: Tomahawk          |       |     3 |     4 ||     7
Invok: Depart the Abyss  |     1 |       |       ||     1
       Bend Space        |       |     1 |       ||     1
 Abil: Dig               |     4 |     3 |     5 ||    12
Evoke: Wand              |       |     4 |     7 ||    11
  Use: Potion            |     1 |       |       ||     1
       Scroll            |       |     7 |     2 ||     9
  Eat: Chunk             |     2 |     6 |     2 ||    10
Armor: Scale mail        |    66 |    87 |    19 ||   172
Dodge: Dodged            |    92 |   116 |    51 ||   259

Table legend:
 A = Non-vault XP
 B = Vault XP
 C = Vault XP percentage of total XP
 D = Non-vault monster count
 E = Vault monster count
 F = Vault count percentage of total count
                 A         B        C        D         E       F
            +---------+---------+-------+---------+---------+-------
      Total |     903 |      55 |   5.7 |      80 |       3 |   3.6
            +---------+---------+-------+---------+---------+-------
        D:1 |      37 |       0 |   0.0 |      18 |       0 |   0.0
        D:2 |      94 |      13 |  12.1 |      23 |       1 |   4.2
        D:3 |      94 |      42 |  30.9 |      14 |       2 |  12.5
        D:4 |     393 |       0 |   0.0 |      22 |       0 |   0.0
        D:5 |     285 |       0 |   0.0 |       3 |       0 |   0.0
            +---------+---------+-------+---------+---------+-------
